Map: Moonlight Madness LE (Void)

Players

Toroid

  • Race: Terran Terran
  • League: Silver

Javert - Winner!

  • Race: Zerg Zerg
  • League: Silver

VOD

Have the link to the VOD?

Description

Time

  • Played on: July 20, 2015, 12:30 a.m.
  • Length: 11:07
Show
View Real Time Build Order
Export as new Build Order

Toroid Terran 

Build Orders: Reaper Expand, MMM Bio 

Get SALT Encoding   

  12  0:01  SCV  
  13  0:15  SCV  
  13  0:18  Supply Depot  
  14  0:27  SCV  
  15  0:43  Barracks  
  15  0:47  SCV  
  16  0:56  Refinery  
  16  0:59  SCV  
  17  1:11  SCV  
  18  1:24  Command Center  
  18  1:35  Orbital Command  
  18  1:42  Reaper  
  19  1:58  Supply Depot  
  19  2:01  SCV  
  20  2:13  SCV  
  21  2:17  Refinery  
  21  2:23  Factory  
  21  2:26  Marine  
  21  2:27  SCV  
  23  2:38  Bunker  
  23  2:39  SCV, Orbital Command  
  24  2:52  SCV  
  25  3:04  SCV  
  26  3:11  SCV  
  27  3:19  SCV  
  28  3:31  Factory Tech Lab  
  28  3:34  Barracks Tech Lab  
  28  3:36  SCV x2, Barracks  
  28  3:39  Starport  
  29  3:45  Refinery  
  29  3:48  SCV x2  
  31  3:49  Command Center  
  31  3:58  Siege Tank  
  31  4:00  SCV  
  34  4:04  Marine  
  34  4:06  Stimpack  
  35  4:17  Supply Depot  
  35  4:18  Supply Depot  
  35  4:19  SCV x2  
  35  4:22  Supply Depot  
  37  4:31  SCV  
  37  4:32  SCV, Siege Tank  
  37  4:33  Starport Reactor  
  37  4:34  Barracks Reactor  
  42  4:44  Marauder  
  44  4:49  SCV  
  44  4:50  SCV  
  46  4:53  Refinery  
  46  5:02  SCV x2  
  48  5:15  Barracks  
  48  5:17  Barracks  
  48  5:20  Engineering Bay  
  48  5:22  Marine  
  48  5:23  Marine x2  
  48  5:24  Siege Tank  
  48  5:25  Medivac x2  
  48  5:28  SCV x2, Orbital Command  
  60  5:39  Engineering Bay  
  60  5:40  Marine x2  
  60  5:41  Armory, Marine  
  63  6:02  Terran Infantry Weapons Level 1, Medivac  
  63  6:03  Marine  
  66  6:05  Medivac  
  66  6:06  Combat Shields  
  68  6:16  SCV x2  
  70  6:21  Supply Depot  
  70  6:28  Marine x2  
  70  6:31  Barracks Tech Lab  
  72  6:40  Medivac x2  
  72  6:44  Barracks Reactor  
  76  6:50  Marine x3  
  76  6:51  Marine  
  76  6:52  Siege Tank  
  83  7:08  Marine x2  
  83  7:13  Orbital Command  
  80  7:31  Marine x6  
  80  7:33  Siege Tank, Medivac x2  
  93  7:47  Terran Infantry Armor Level 1  
  93  8:01  Marine  
  93  8:02  Supply Depot x2  
  93  8:03  Supply Depot  
  93  8:05  Supply Depot, Marine  
  93  8:24  Marine x3  
  96  8:30  Orbital Command  
  96  8:39  Marine x3  
  96  8:41  Marine x3, Siege Tank, Medivac x2  
  109  8:57  Marine x2  
  109  8:59  Marine x2  
  108  9:13  Missile Turret  
  108  9:15  Missile Turret, Marine  
  108  9:16  Missile Turret  
  110  9:17  SCV x3  
  110  9:21  Barracks Reactor  
  73  10:06  Marine  
Show
View Real Time Build Order
Export as new Build Order

Javert Zerg - Winner!

Build Orders: 3 Hatch before Pool, Lurkers 

Get SALT Encoding   

  12  0:01  Drone  
  13  0:14  Overlord  
  13  0:20  Drone  
  14  0:32  Drone x2  
  16  0:38  Drone  
  17  0:55  Drone  
  18  0:57  Hatchery  
  18  1:02  Drone  
  18  1:04  Extractor  
  18  1:11  Drone  
  19  1:31  Hatchery  
  19  1:32  Drone x2  
  20  1:34  Extractor  
  19  1:41  Overlord  
  19  1:51  Drone  
  20  1:55  Spawning Pool  
  19  2:03  Drone  
  20  2:10  Drone  
  21  2:15  Drone  
  21  2:22  Drone  
  23  2:26  Drone  
  24  2:33  Drone  
  25  2:43  Zergling x4  
  27  2:44  Metabolic Boost  
  27  2:45  Queen x2  
  30  3:10  Drone  
  30  3:11  Drone x5  
  36  3:22  Overlord  
  36  3:33  Queen  
  38  3:38  Drone x4  
  38  3:39  Overlord  
  42  3:58  Spore Crawler  
  41  4:04  Drone  
  41  4:05  Drone x7  
  41  4:06  Drone  
  41  4:07  Extractor  
  50  4:11  Overlord x2  
  50  4:19  Extractor  
  50  4:21  Extractor  
  48  4:31  Lair, Extractor x2  
  47  4:33  Queen  
  47  4:35  Drone  
  47  4:36  Drone x4  
  53  4:51  Evolution Chamber x2  
  51  4:53  Drone x6  
  57  5:04  Drone x6  
  63  5:21  Zerg Missile Weapons Level 1, Zerg Ground Armor Level 1  
  63  5:22  Drone x4  
  63  5:26  Overlord  
  67  5:35  Hydralisk Den  
  66  5:36  Drone x4  
  66  5:42  Drone x2  
  72  5:43  Overlord  
  72  5:44  Overlord  
  72  5:49  Drone x2  
  75  5:50  Drone x2  
  75  5:51  Lurker Den  
  75  5:55  Overlord  
  75  5:56  Overlord  
  76  6:02  Burrow  
  76  6:08  Drone x4  
  76  6:09  Overlord  
  80  6:20  Baneling Nest  
  80  6:21  Overseer  
  80  6:23  Zergling x20  
  89  6:33  Spine Crawler  
  89  6:36  Hydralisk x3  
  89  6:37  Spine Crawler  
  89  6:38  Spine Crawler  
  95  6:49  Spore Crawler, Spine Crawler  
  95  6:50  Overlord  
  95  6:54  Hydralisk x6  
  93  6:55  Spire  
  93  6:57  Queen  
  100  7:26  Spore Crawler  
  100  7:29  Hydralisk x4  
  99  7:30  Hydralisk x7  
  121  7:37  Spore Crawler, Spine Crawler  
  121  7:39  Drone x3  
  121  7:40  Zerg Missile Weapons Level 2  
  122  7:48  Baneling  
  122  7:49  Baneling x3  
  122  7:54  Overlord x3  
  118  8:08  Mutalisk x2  
  118  8:09  Spore Crawler  
  118  8:11  Overlord x2  
  121  8:17  Overlord  
  120  8:22  Queen  
  119  8:32  Lurker x12  
  119  8:33  Lurker  
  131  8:39  Hatchery  
  129  8:41  Extractor x2  
  129  8:44  Mutalisk  
  129  8:45  Mutalisk  
  130  8:53  Overlord x2  
  130  9:02  Extractor  
  129  9:03  Drone  
  129  9:04  Drone x12  
  142  9:10  Mutalisk x2  
  142  9:15  Overlord  
  141  9:41  Hydralisk  
  141  9:42  Hydralisk x9  
  145  10:24  Drone  
  145  10:25  Drone x11  
  145  10:44  Spine Crawler  
  145  10:45  Spore Crawler, Spine Crawler  
  145  10:46  Drone  
  145  10:47  Drone x3, Overlord x2  
Tags
 
Add a new tag
Caveats
  • Supply blocks, unpowered buildings, or Contaminate may cause inaccurate times.
  • Supply counts are checked every 10 seconds.